 Dungeon Crawl Stone Soup version 0.30-a0-297-g0ec75d9ef4 (webtiles) character file.

Game seed: 9693908944537237343

2783 lunkers the Zephyrmancer (level 10, 0/69 HPs)
             Began as a Meteoran Air Elementalist on Oct 19, 2022.
             Was a Follower of Sif Muna.
             Killed by their own static electricity (3 damage)
             ... in a bailey.
             The game lasted 00:15:00 (2945 turns).

lunkers the Zephyrmancer (MeAE)                     Turns: 2945, Time: 00:15:01

Health: 0/69       AC:  4    Str: 11    XL:     10   Next: 21%
Magic:  13/24      EV: 12    Int: 20    God:    Sif Muna [*.....]
Gold:   239        SH:  0    Dex: 15    Spells: 12/27 levels left

rFire   . . .      SeeInvis .    c - +0 dagger (protect)
rCold   . . .      Faith    .    (no shield)
rNeg    . . .      Spirit   .    a - +0 robe
rPois   .          Reflect  .    d - +1 hat "Joco" {Regen+ Slay+3}
rElec   .          Harm     .    (no cloak)
rCorr   +          Rampage  .    (no gloves)
Will    +....                    w - +0 pair of boots
Stlth   +.........               r - amulet of the acrobat
HPRegen 1.11/turn                y - ring of resist corrosion
MPRegen 0.19/turn                (no ring)

@: glowing
A: sense surroundings 2, otherworldly, glowing, explore regen
a: Renounce Religion, Channel Magic


You were in a bailey.
You worshipped Sif Muna.
Sif Muna was aware of your devotion.
You visited 2 branches of the dungeon, and saw 8 of its levels.
You also visited: Sewer and Bailey.

You collected 239 gold pieces.

Inventory:

Hand Weapons
 c - a +0 dagger of protection (weapon)
 g - a +1 flail of draining
Missiles
 f - a curare-tipped dart
 k - 3 throwing nets
Armour
 a - a +0 robe (worn)
 d - the +1 hat "Joco" (worn) {Regen+ Slay+3}
   (You acquired it on level 5 of the Dungeon)

   Slay:      It affects your accuracy & damage with ranged weapons and melee
   (+3).
   Regen:     It increases your rate of health regeneration.
 j - a +1 scale mail of positive energy
 w - a +0 pair of boots (worn)
Jewellery
 r - an amulet of the acrobat (around neck)
 y - a ring of resist corrosion (left hand)
Wands
 i - a wand of paralysis (21)
 o - a wand of roots (18)
Scrolls
 e - 4 scrolls of teleportation
 q - 2 scrolls of brand weapon
 s - a scroll of magic mapping
 B - a scroll of blinking
Potions
 b - a potion of magic
 h - 4 potions of might
 l - 2 potions of brilliance
 m - a potion of invisibility {unknown}
 n - 3 potions of curing
 p - 3 potions of haste
 t - 2 potions of ambrosia
 u - a potion of attraction {unknown}
 v - a potion of lignification {unknown}
 x - 4 potions of mutation
 z - 2 potions of heal wounds
 A - a potion of experience {unknown}
 C - a potion of resistance {unknown}
 D - 2 potions of cancellation {unknown}


   Skills:
 - Level 2.4 Dodging
 - Level 1.4 Stealth
 + Level 9.2 Spellcasting
 + Level 3.9 Conjurations
 + Level 2.1 Ice Magic
 - Level 12.3 Air Magic


You had 12 spell levels left.
You knew the following spells:

 Your Spells              Type           Power      Damage    Failure   Level
a - Shock                 Conj/Air       100%       1d9       1%          1
b - Static Discharge      Conj/Air       84%        2-6/arc   1%          2
c - Swiftness             Air            56%        N/A       1%          3
d - Airstrike             Air            28%        2d(4-20)  1%          4
e - Freezing Cloud        Conj/Ice/Air   16%        6-21      17%         5

Your spell library contained the following spells:

 Spells                   Type           Power      Damage    Failure   Level
 Momentum Strike          Conj/Tloc      34%        3d8       4%          2
 Kindle Blastsparks       Fire/Tloc/Air  50%        2d14      4%          3
 Apportation              Tloc           18%        N/A       8%          1
 Necrotise                Necr           36%        1d5       8%          1
 Slow                     Hex            36%        N/A       8%          1
 Summon Small Mammal      Summ           36%        N/A       8%          1
 Blink                    Tloc           18%        N/A       12%         2
 Confusing Touch          Hex            9%         N/A       22%         3
 Ignite Poison            Fire/Tmut/Pois 9%         N/A       22%         3
 Lesser Beckoning         Tloc           18%        N/A       22%         3
 Summon Guardian Golem    Hex/Summ       9%         N/A       22%         3
 Vampiric Draining        Necr           9%         2d6       22%         3
 Agony                    Necr           9%         N/A       91%         5
 Orb of Destruction       Conj           12%        9d7       100%        7
 Spellforged Servitor     Conj/Summ      8%         N/A       100%        7


Dungeon Overview and Level Annotations

Branches:
Dungeon (7/15) Zot: 1713   Temple (1/1) D:7 Zot: 525   Sewer (visited)
 Bailey (1/1) Zot: 527

Altars:
Ashenzari
Dithmenos
Fedhas
Gozag
Hepliaklqana
Kikubaaqudgha
Makhleb
Nemelex Xobeh
Okawaru
Ru
Sif Muna
Vehumet
Xom
Yredelemnul
Zin
The Shining One

Shops:
D:5 (

Annotations:
D:7 3 runed translucent doors


Innate Abilities, Weirdness & Mutations

You passively map the area around you.
You are easily found by Zot.
You glow in the dark.
You regain HP and MP as you explore.


Message History

You are struck by an arc of lightning.
* * * LOW HITPOINT WARNING * * *
The bullfrog is struck by an arc of lightning.
The bullfrog is almost dead.
You are struck by an arc of lightning.
* * * LOW HITPOINT WARNING * * *
The lightning grounds out.
The bullfrog is struck by an arc of lightning.
You kill the bullfrog!
Sif Muna accepts your kill.
You are struck by an arc of lightning.
* * * LOW HITPOINT WARNING * * *
The bullfrog is struck by an arc of lightning.
The bullfrog is heavily wounded.
You are struck by an arc of lightning.
* * * LOW HITPOINT WARNING * * *
The lightning grounds out.
The bullfrog hits you but does no damage.
Your Ice Magic skill increases to level 2!
Casting: Static Discharge (safe; 1% risk of failure)
Confirm with . or Enter, or press ? or * to list all spells.
The bullfrog is struck by an arc of lightning.
The bullfrog is severely wounded.
You are struck by an arc of lightning.
* * * LOW HITPOINT WARNING * * *
The lightning grounds out.
The bullfrog closely misses you. The bullfrog hits you.
* * * LOW HITPOINT WARNING * * *
Unknown command.
Casting: Static Discharge (safe; 1% risk of failure)
Confirm with . or Enter, or press ? or * to list all spells.
The bullfrog is struck by an arc of lightning.
The bullfrog is almost dead.
You are struck by an arc of lightning.
* * * LOW HITPOINT WARNING * * *
The bullfrog is struck by an arc of lightning.
You kill the bullfrog!
Sif Muna accepts your kill.
You are struck by an arc of lightning.
You die...

######.....#
##....##...####
##......#+#'#~~##
#....#....#~†~~~#
#..####...#~~~~~#
#.....#...#~~~~~#
#.....#...##~~~##
###'###..####'###
#≈†@.≈#..)).))).#
#≈†††≈####......#
* ##≈~.≈#
##.....# **
#≈p.~≈≈ ~#....##
* , #≈~..~~~
##..## ,
#≈~.~~~~~≈#.## *
, *≈~~...~~~≈###
, *≈~~...~~~≈ ,


You could see a human.

Vanquished Creatures
  A deep elf pyromancer (D:7)
  A human (Bailey)
  A water moccasin (D:7)
  An ice beast (D:6)
  2 black bears
  An ogre (D:5)
  A centaur (D:7)
  2 phantoms
  8 bullfrogs
  5 kobold brigands
  5 hounds
  2 jellies
  2 orc priests
  3 iguanas
  3 orc wizards
  7 gnolls (D:5)
  8 adders
  7 river rats
  A shadow imp (D:6)
  2 ufetubi
  2 worms
  A dart slug (D:2)
  17 orcs
  9 ball pythons
  4 bats
  9 endoplasms
  4 giant cockroaches
  11 goblins
  11 hobgoblins
  3 jackals (D:5)
  21 kobolds
  6 quokkas
  2 frilled lizards
  26 rats
189 creatures vanquished.

Vanquished Creatures (others)
  4 plants (D:3)
4 creatures vanquished.

Grand Total: 193 creatures vanquished

Notes
Turn   | Place    | Note
-------+----------+-------------------------------------------
     0 | D:1      | lunkers the Meteoran Air Elementalist began the quest for
                  | the Orb.
     0 | D:1      | Reached XP level 1. HP: 14/14 MP: 5/5
    51 | D:1      | Reached XP level 2. HP: 20/20 MP: 1/6
    58 | D:1      | Reached skill level 4 in Air Magic
   268 | D:1      | Reached XP level 3. HP: 26/26 MP: 5/8
   271 | D:1      | Learned a level 2 spell: Static Discharge
   338 | D:2      | Learned a level 3 spell: Swiftness
   679 | D:2      | Reached skill level 5 in Air Magic
   679 | D:2      | Reached XP level 4. HP: 33/33 MP: 1/10
   962 | D:3      | Noticed a phantom
   971 | D:3      | Killed a phantom
   972 | D:3      | Reached XP level 5. HP: 33/38 MP: 0/12
  1005 | D:3      | Reached skill level 6 in Air Magic
  1005 | D:3      | Reached XP level 6. HP: 45/45 MP: 2/13
  1068 | D:4      | Learned a level 4 spell: Airstrike
  1239 | D:4      | Found a shadowy altar of Dithmenos.
  1312 | D:5      | Entered Level 5 of the Dungeon
  1325 | D:5      | Identified a scroll of acquirement
  1325 | D:5      | Acquired the +1 hat "Joco" {Regen+ Slay+3}
  1403 | D:5      | Reached XP level 7. HP: 46/50 MP: 5/15
  1443 | D:5      | Reached skill level 5 in Spellcasting
  1443 | D:5      | Reached skill level 7 in Air Magic
  1740 | D:5      | Reached skill level 8 in Air Magic
  1790 | D:5      | Reached XP level 8. HP: 36/57 MP: 5/17
  1844 | D:5      | Found Lialuecy's Weapon Emporium.
  1914 | D:6      | Reached skill level 9 in Air Magic
  2023 | D:6      | Found a glowing drain.
  2031 | Sewer    | Entered a sewer
  2208 | Sewer    | Reached skill level 10 in Air Magic
  2214 | Sewer    | Gained mutation: You passively map the area around you.
                  | [Meteoran growth]
  2214 | Sewer    | Reached XP level 9. HP: 62/62 MP: 17/20
  2449 | D:6      | Found a hazy altar of Hepliaklqana.
  2604 | D:7      | Reached skill level 11 in Air Magic
  2607 | D:7      | Found a runed translucent gate.
  2607 | D:7      | Found a runed translucent gate.
  2607 | D:7      | Found a runed translucent gate.
  2641 | D:7      | Found a staircase to the Ecumenical Temple.
  2653 | Temple   | Entered the Ecumenical Temple
  2721 | Temple   | Became a worshipper of Sif Muna the Loreminder
  2800 | D:7      | Noticed a deep elf pyromancer
  2804 | D:7      | Killed a deep elf pyromancer
  2805 | D:7      | Reached skill level 12 in Air Magic
  2838 | D:7      | Found a radiant altar of Vehumet.
  2863 | D:7      | Found a flagged portal.
  2875 | Bailey   | Entered a bailey
  2882 | Bailey   | Reached XP level 10. HP: 55/69 MP: 18/23
  2888 | Bailey   | Learned a level 5 spell: Freezing Cloud
  2897 | Bailey   | Reached skill level 1 in Ice Magic
  2942 | Bailey   | Reached * piety under Sif Muna
  2945 | Bailey   | HP: 3/69 [/static electricity (5)]
  2945 | Bailey   | Killed from afar by themself

Illustrated notes

Levels and vault maps discovered:
D:1:      minmay_arrival_radiant_lines, layout_loops_ring, serial_shops, shop
D:2:      layout_loops_ring, st_stairs_4
D:3:      layout_rooms, serial_bayou, serial_bayou_ford_a, serial_bayou_pond_b,
          serial_bayou_pond_d, serial_bayou_pond_c,
          hellmonk_ecumenical_altar_watching_god, minmay_box_of_dots
D:4:      layout_cave_pools, chei_slow_surprise,
          grunt_dithmenos_smoke_and_mirrors
D:5:      layout_loops_cross, serial_shops, shop, kennysheep_donut
D:6:      layout_basic, mainiacjoe_overflow_chevrons, gup_sewer_entry_spiral,
          minmay_between
D:7:      layout_cave_pools, mainiacjoe_overflow_cross_hatched,
          mainiacjoe_overflow_small_starburst,
          minmay_temple_entry_statues_fountains, gammafunk_ghost_icy,
          enter_bailey_4, guppyfry_early_elven_hall
Temple:   eino_narrow_crystal_temple
Bailey:   bailey_axe_froggy_fort_hellmonk, bailey

Skill      XL: |  1  2  3  4  5  6  7  8  9 10 |
---------------+-------------------------------+-----
Air Magic      | 4 5 6 8 10 12 | 12.3
Spellcasting   | 3 4 5 7 8 9 |  9.2
Conjurations   | 2 3 |  3.9
Ice Magic      | 2 |  2.1
Dodging        | |  2.4
Stealth        | |  1.4

Action                   |  1- 3 |  4- 6 |  7- 9 | 10-12 || total
-------------------------+-------+-------+-------+-------++-------
Melee: Dagger            |    23 |    10 |    98 |    15 ||   146
       Punch             |       |       |     1 |       ||     1
 Cast: Shock             |    61 |    61 |    47 |     1 ||   170
       Static Discharge  |       |    13 |    75 |     8 ||    96
       Airstrike         |       |     2 |     8 |     1 ||    11
       Swiftness         |       |       |     1 |       ||     1
Evoke: Wand              |       |       |     1 |       ||     1
  Use: Scroll            |       |    11 |     5 |       ||    16
 Stab: Paralysed         |       |       |     5 |       ||     5
Armor: Robe              |     8 |     6 |    83 |    13 ||   110
Dodge: Dodged            |    17 |    23 |   142 |    25 ||   207

Table legend: (Time is in decaauts)
 A = Elapsed time spent in this place.
 B = Non-inter-level travel time spent in this place.
 C = Inter-level travel time spent in this place.
 D = Time resting spent in this place.
 E = Time spent auto-exploring this place.
 F = Levels seen in this place.
 G = Mean time per level.
                   A        B        C        D        E       F      G
               +--------+--------+--------+--------+--------+-----+--------+
         Total |   3003 |   2878 |    125 |      0 |   1449 |  10 |  300.3 |
       Dungeon |   2486 |   2361 |    125 |      0 |   1389 |   7 |  355.1 |
        Temple |     74 |     74 |      0 |      0 |     37 |   1 |   74.0 |
         Sewer |    370 |    370 |      0 |      0 |      9 |   1 |  370.0 |
        Bailey |     72 |     72 |      0 |      0 |     14 |   1 |   72.0 |
               +--------+--------+--------+--------+--------+-----+--------+

Top non-repeatable levels by time:
     D:2: 607 daAuts
     D:5: 553 daAuts
     D:6: 414 daAuts
   Sewer: 370 daAuts
     D:1: 279 daAuts
     D:4: 254 daAuts
     D:7: 206 daAuts
     D:3: 170 daAuts
  Temple: 74 daAuts
  Bailey: 72 daAuts
